 Dungeon Crawl Stone Soup version 0.31-a0-1005-gfbdfbac (webtiles) character file.

Game seed: 835097243458705822

675 Partyfoot the Trooper (level 7, -8/60 HPs)
             Began as a Green Draconian Conjurer on Nov 11, 2023.
             Was a Follower of Sif Muna.
             Mangled by Duvessa
             ... wielding a +2 rapier of speed
              (10 damage)
             ... on level 4 of the Dungeon.
             The game lasted 00:15:43 (5003 turns).

Partyfoot the Trooper (Green Draconian Conjurer)    Turns: 5003, Time: 00:15:44

Health: -8/60      AC:  7    Str:  9    XL:     7   Next: 33%
Magic:  2/13       EV: 12    Int: 21    God:    Sif Muna [*.....]
Gold:   271        SH:  0    Dex:  9    Spells: 10/15 levels left

rFire   . . .        n - staff of conjuration
rCold   . . .        (no shield)
rNeg    . . .        (body armour unavailable)
rPois   +            (helmet restricted)
rElec   .            (no cloak)
rCorr   .            t - +0 pair of gloves
SInv    .            (no boots)
Will    .....        (no amulet)
Stlth   ++           (no ring)
HPRegen 0.30/turn    (no ring)
MPRegen 0.13/turn

%: no passive effects
@: no status effects
A: breathe noxious fumes, AC +6, unfitting armour, poison resistance,
cold-blooded
a: Breathe Noxious Fumes, Renounce Religion, Channel Magic


You were on level 4 of the Dungeon.
You worshipped Sif Muna.
Sif Muna was aware of your devotion.
You visited 2 branches of the dungeon, and saw 6 of its levels.
You also visited: Ossuary.

You collected 271 gold pieces.

Inventory:

Hand Weapons
 k - a +3 dagger of holy wrath
Armour
 t - a +0 pair of gloves (worn)
Magical Staves
 n - a staff of conjuration (weapon)
Wands
 p - a wand of mindburst (10)
 q - a wand of charming (3)
 v - a wand of polymorph (12)
Scrolls
 c - 3 scrolls of blinking {unknown}
 d - a scroll of enchant weapon
 e - 2 scrolls of revelation {unknown}
 g - a scroll of identify {unknown}
 i - 2 scrolls of fog {unknown}
 j - a scroll of torment {unknown}
 m - a scroll of vulnerability {unknown}
 o - a scroll of poison {unknown}
 r - a scroll of teleportation {unknown}
 w - a scroll of amnesia {unknown}
 x - a scroll of immolation {unknown}
Potions
 a - a potion of magic
 b - a potion of enlightenment
 f - 3 potions of lignification {unknown}
 h - 2 potions of degeneration {unknown}
 l - a potion of brilliance {unknown}
 s - 3 potions of attraction {unknown}
 u - 6 potions of curing
 z - a potion of heal wounds {unknown}
 A - a potion of cancellation {unknown}


   Skills:
 + Level 4.6 Fighting
 - Level 1.7 Dodging
 - Level 1.7 Stealth
 + Level 4.5 Spellcasting
 + Level 4.1 Conjurations
 - Level 4.2 Translocations
 + Level 1.0 Invocations


You had 10 spell levels left.
You knew the following spells:

 Your Spells              Type           Power      Damage    Failure   Level
a - Magic Dart            Conj           100%       1d8       1%          1
b - Iskenderun's Mystic   Conj/Tloc      33%        2d8       21%         4

Your spell library contained the following spells:

 Spells                   Type           Power      Damage    Failure   Level
 Searing Ray              Conj           66%        2d6       3%          2
 Sandblast                Erth           8%         2d5       12%         1
 Dazzling Flash           Conj/Hex       40%        N/A       14%         3
 Volatile Blastmotes      Fire/Tloc      26%        2d12      14%         3
 Mephitic Cloud           Conj/Pois/Air  15%        N/A       19%         3
 Fulminant Prism          Conj/Hex       10%        3d9       43%         4
 Borgnjor's Vile Clutch   Necr/Erth      2%         N/A       97%         5
 Starburst                Conj/Fire      10%        6d5       100%        6
 Maxwell's Capacitive Co  Air            2%         ∞         100%        8


Dungeon Overview and Level Annotations

Branches:
Dungeon (5/15)             Temple (1/1) D:4         Ossuary (visited)

Altars:
Ashenzari
Cheibriados
Dithmenos
Elyvilon
Fedhas
Gozag
Kikubaaqudgha
Makhleb
Nemelex Xobeh
Okawaru
Qazlal
Sif Muna
Trog
Uskayaw
Wu Jian
Xom
Yredelemnul
Zin
The Shining One

Shops:
D:5 :

Annotations:
D:4 Duvessa
D:5 Pikel


Innate Abilities, Weirdness & Mutations

You can breathe blasts of noxious fumes.
Your lurid green scales are hard. (AC +6)
You cannot fit into any form of body armour.
Your system is resistant to poisons. (rPois)
You are cold-blooded and may be slowed by cold attacks.


Message History

You feel a surge of power!
The magic dart hits Duvessa but does no damage.
Duvessa hits you with a +2 rapier of speed!
Duvessa closely misses you.
Casting: Magic Dart (safe; 1% risk of failure)
Confirm with . or Enter, or press ? or * to list all spells.
Aiming: Magic Dart (safe; 1% risk of failure)
Press: ? - help, Shift-Dir - straight line, f/p - Duvessa
Aim: Duvessa, wielding a +2 rapier of speed, wearing a +0 leather armour, quivering stones and carrying a wand of flame (berserk, fast, 100% to hit)
You feel a surge of power!
The magic dart hits Duvessa.
Duvessa is lightly wounded.
Duvessa hits you with a +2 rapier of speed.
Duvessa closely misses you. Duvessa barely misses you.
Casting: Magic Dart (safe; 1% risk of failure)
Confirm with . or Enter, or press ? or * to list all spells.
Aiming: Magic Dart (safe; 1% risk of failure)
Press: ? - help, Shift-Dir - straight line, f/p - Duvessa
Aim: Duvessa, wielding a +2 rapier of speed, wearing a +0 leather armour, quivering stones and carrying a wand of flame (lightly wounded, berserk, fast, 100% to hit)
You feel a surge of power!
The magic dart hits Duvessa but does no damage.
Duvessa is lightly wounded.
Duvessa hits you with a +2 rapier of speed.
Duvessa closely misses you.
Casting: Magic Dart (safe; 1% risk of failure)
Confirm with . or Enter, or press ? or * to list all spells.
Aiming: Magic Dart (safe; 1% risk of failure)
Press: ? - help, Shift-Dir - straight line, f/p - Duvessa
Aim: Duvessa, wielding a +2 rapier of speed, wearing a +0 leather armour, quivering stones and carrying a wand of flame (lightly wounded, berserk, fast, 100% to hit)
You feel a surge of power!
The magic dart hits Duvessa but does no damage.
Duvessa is lightly wounded.
Duvessa hits you with a +2 rapier of speed!
* * * LOW HITPOINT WARNING * * *
Duvessa hits you with a +2 rapier of speed!
* * * LOW HITPOINT WARNING * * *
It was a potion of curing.
You feel better.
Duvessa hits you with a +2 rapier of speed!
* * * LOW HITPOINT WARNING * * *
Duvessa hits you with a +2 rapier of speed!
You die...

...#..#....###......####.........
...#..#.....##....<.###..........
#.....#####.##...................
#.......#...##.#.....###.........
###.....#....#.#.....###.#.#....#
.....#.....#...#.........#.#....#
.....#................####.#....#
..######........e.....####.......
................@........#..8....
#...........##.#......##.#...)...
+..............#......##.#8...8.[
#...........####......##.#.....^.
#...........#..'............8....
###########....#......##.........
..........#.#.##############.....
#########.#.#<.............'.....
#.#)........########.....


You could see Duvessa (berserk, fast).

Vanquished Creatures
  A water moccasin (D:3)
  An ice beast (D:4)
  A lemure (D:4)
  A scorpion (D:4)
  2 water moccasin zombies (Ossuary)
  Dowan (D:5)
  A hound (D:4)
  An iguana (D:4)
  2 mummies (Ossuary)
  Robin (D:2)
  5 adders
  4 adder zombies (Ossuary)
  4 worms
  3 ball pythons
  10 bats
  6 endoplasms
  3 giant cockroaches
  12 hobgoblins
  5 quokkas
  2 frilled lizards (D:2)
  2 gnoll zombies (Ossuary)
  16 goblins
  6 hobgoblin zombies (Ossuary)
  7 kobolds
  5 kobold zombies (Ossuary)
  6 orc zombies (Ossuary)
  5 rats
113 creatures vanquished.

Notes
Turn   | Place    | Note
-------+----------+-------------------------------------------
     0 | D:1      | Partyfoot the Draconian Conjurer began the quest for the
                  | Orb.
     0 | D:1      | Reached XP level 1. HP: 14/14 MP: 3/3
   180 | D:1      | Reached skill level 1 in Fighting
   250 | D:1      | Reached XP level 2. HP: 23/23 MP: 1/5
   927 | D:2      | Reached XP level 3. HP: 29/29 MP: 1/7
  1364 | D:2      | Noticed Robin
  1383 | D:2      | Reached XP level 4. HP: 22/37 MP: 0/8
  1399 | D:2      | Killed Robin
  1576 | D:2      | Learned a level 4 spell: Iskenderun's Mystic Blast
  1600 | D:2      | Found a sparkling altar of Nemelex Xobeh.
  2276 | D:3      | Noticed a water moccasin
  2283 | D:3      | Killed a water moccasin
  2284 | D:3      | Reached XP level 5. HP: 45/45 MP: 2/10
  2828 | D:3      | Found a glowing silver altar of Zin.
  2831 | D:3      | Found a basalt altar of Yredelemnul.
  2996 | D:4      | Identified the of Necre
  3052 | D:4      | Found a staircase to the Ecumenical Temple.
  3058 | Temple   | Entered the Ecumenical Temple
  3072 | Temple   | Became a worshipper of Sif Muna the Loreminder
  3087 | D:4      | Noticed an ice beast
  3102 | D:4      | Killed an ice beast
  3103 | D:4      | Reached XP level 6. HP: 36/52 MP: 3/11
  3169 | D:4      | Found a broken altar of Ashenzari.
  3385 | D:4      | Found an iron altar of Okawaru.
  3543 | D:4      | Found a sand-covered staircase.
  3555 | Ossuary  | Entered an ossuary
  3862 | Ossuary  | Your scales start taking on a lurid green colour.
  3862 | Ossuary  | Reached XP level 7. HP: 52/60 MP: 13/13
  3862 | Ossuary  | Gained mutation: Your system is resistant to poisons.
                  | (rPois) [Green Draconian growth]
  3903 | Ossuary  | Reached * piety under Sif Muna
  4357 | D:4      | Found a blossoming altar of Fedhas.
  4467 | D:5      | Entered Level 5 of the Dungeon
  4467 | D:5      | Noticed a walking divine tome
  4467 | D:5      | Noticed Pikel
  4467 | D:5      | Found Eruivah's Book Shop.
  4506 | D:5      | Noticed Dowan
  4509 | D:5      | Noticed Duvessa
  4950 | D:5      | Found a glowing golden altar of the Shining One.
  4996 | D:5      | Killed Dowan
  4997 | D:5      | Reached skill level 1 in Invocations
  5002 | D:4      | HP: 3/60 [Duvessa/+2 rapier of speed (12)]
  5003 | D:4      | Mangled by Duvessa

Illustrated notes

Levels and vault maps discovered:
D:1:      roderic_crossed_star, layout_rooms, minmay_hedge_maze
D:2:      minmay_diamond_boxcup, layout_rooms, basic_altar, uniq_robin
D:3:      layout_basic, nicolae_overflow_squiral, roderic_roman_lattice
D:4:      layout_basic, nicolae_ashenzari_skybound, kennysheep_mini_moat,
          fedhas_altar_4, minmay_temple_entry_hall,
          nicolae_ossuary_entry_monument, hangedman_decor_push
D:5:      layout_basic, nicolae_tso_swordbearing_angel, serial_shops,
          nicolae_shop_mannequins, nicolae_diamond_shop, nicolae_lakefront_shop,
          nicolae_shop_tiny_glass, uniq_ijyb, uniq_pikel, uniq_duvessa
Temple:   nicolae_temple_slightly_damp_pantheon

Skill      XL: |  1  2  3  4  5  6  7 |
---------------+----------------------+-----
Fighting       | 1 2 3 4 |  4.6
Spellcasting   | 3 4 |  4.5
Translocations | 2 3 4 |  4.2
Invocations    | 1 |  1.0
Dodging        | |  1.7
Stealth        | |  1.7
Conjurations   | |  4.1

Action                     |  1- 3 |  4- 6 |  7- 9 || total
---------------------------+-------+-------+-------++-------
  Melee: Whip              |    38 |       |       ||    38
         Tailslap          |     4 |    13 |     6 ||    23
         Dagger            |     7 |    63 |    41 ||   111
         Staff             |       |     2 |       ||     2
         Punch             |       |       |     2 ||     2
   Cast: Magic Dart        |    73 |   102 |    66 ||   241
Ability: Breathe Noxious F |       |       |     2 ||     2
  Evoke: Wand              |       |     2 |       ||     2
    Use: Potion            |       |     1 |     1 ||     2
         Scroll            |       |     1 |       ||     1
   Stab: Sleeping          |       |     2 |     2 ||     4
 Armour: Skin              |    42 |    68 |    54 ||   164
  Dodge: Dodged            |    54 |    72 |    59 ||   185

Table legend: (Time is in decaauts)
 A = Elapsed time spent in this place.
 B = Non-inter-level travel time spent in this place.
 C = Inter-level travel time spent in this place.
 D = Time resting spent in this place.
 E = Time spent auto-exploring this place.
 F = Levels seen in this place.
 G = Mean time per level.
                   A        B        C        D        E       F      G
               +--------+--------+--------+--------+--------+-----+--------+
         Total |   5007 |   4745 |    262 |    471 |   3377 |   7 |  715.3 |
       Dungeon |   4567 |   4331 |    236 |    418 |   3168 |   5 |  913.4 |
        Temple |     28 |      2 |     26 |      0 |      0 |   1 |   28.0 |
       Ossuary |    410 |    410 |      0 |     53 |    209 |   1 |  410.0 |
               +--------+--------+--------+--------+--------+-----+--------+

Top non-repeatable levels by time:
     D:4: 1425 daAuts
     D:2: 1116 daAuts
     D:3: 966 daAuts
     D:1: 914 daAuts
 Ossuary: 410 daAuts
     D:5: 144 daAuts
  Temple: 28 daAuts
